cohdb
Replays
Latest Replays
All Replays
Popular Replays
Top Player Replays
Match Explorer
How It Works
Community
CoH3 Stats
Reddit
Sign in to upload your games and track your stats! →
Sign in with Steam
Match 43036495
Unlisted
Match 43036495
Overview
Messages
Build Orders
End
Selects Luftwaffe Battlegroup
Selects Luftwaffe Pioneer Support
Fallschirmpioneer Squad Paradrop
Construct Infanterie Kompanie
Fallschirmpioneer Squad Paradrop
MG 42 Machine Gun Team
MG 42 Machine Gun Team
GrW 34 Mortar Team
Medical Station
Construct Panzergrenadier Kompanie
Construct Panzergrenadier Kompanie
Construct Luftwaffe Kompanie
Construct Luftwaffe Kompanie
Jäger Squad
Selects Stuka Strafing Run
Selects Fallschirmjäger Squad Paradrop
Support Elements
Wirbelwind Flakpanzer
Kettenkrad Recon Vehicle
Wirbelwind Flakpanzer
Jäger Squad
Stuka Strafing Run
Selects Stuka Loiter
WasaBee
Meat Rockets Blasting Off Again!
Mustache and Melons
john_wik
IL_Tromb0
Gorgolo
0
0
Comments
sign in to comment!
No comments posted yet!